 Dungeon Crawl Stone Soup version 0.24-a0-381-g637bb3806f (webtiles) character file.

Game seed: 3509514976898150049

75461 kidcy the Impaler (level 15, -5/123 HPs)
             Began as a Formicid Fighter on June 3, 2019.
             Was the Champion of Okawaru.
             Drowned by a water elemental (12 damage)
             ... on level 15 of the Dungeon.
             The game lasted 00:50:54 (23039 turns).

kidcy the Impaler (Formicid Fighter)               Turns: 23039, Time: 00:50:55

Health: -5/123     AC: 30    Str: 24    XL:     15   Next: 98%
Magic:  21/21      EV:  9    Int:  9    God:    Okawaru [******]
Gold:   1276       SH: 22    Dex: 15    Spells: 14/14 levels left

rFire    + + .     SeeInvis +   Q - +1 bardiche (venom)
rCold    + . .     Gourm    .   y - +2 large shield {reflect}
rNeg     . . .     Faith    .   H - +1 crystal plate armour
rPois    +         Spirit   .   (helmet unavailable)
rElec    .         Reflect  +   o - +2 cloak
rCorr    .         Harm     .   E - +2 pair of gloves {Str+3}
MR       +....                  (no boots)
Stlth    ..........             t - amulet "Boaplol" {+Rage rPois rC+}
HPRegen  0.30/turn              n - ring "Qunoeqet" {rF+ EV+4}
MPRegen  0.17/turn              C - ring of protection from fire

@: engulfed (cannot breathe)
A: permanent stasis, dig shafts and tunnels, four strong arms, antennae 3
a: Dig, Shaft Self, Heroism, Finesse, Renounce Religion


You were on level 15 of the Dungeon.
You worshipped Okawaru.
Okawaru was exalted by your worship.
You were not hungry.

You visited 2 branches of the dungeon, and saw 21 of its levels.
You also visited: Gauntlet and Volcano.

You collected 1816 gold pieces.
You spent 540 gold pieces at shops.

Inventory:

Hand Weapons
 Q - a +1 bardiche of venom (weapon)
Missiles
 d - 31 silver javelins
 j - 5 throwing nets (quivered)
 r - 7 silver boomerangs
Armour
 a - a +2 plate armour of fire resistance
 o - a +2 cloak (worn)
 x - +0 fire dragon scales
 y - a +2 large shield of reflection (worn)
 D - the +18 shield of the Gong {rElec rN+ MR+ EV-5}
   (You found it on level 10 of the Dungeon)

   It affects your evasion (-5).
   It insulates you from electricity.
   It protects you from negative energy.
   It affects your resistance to hostile enchantments.
 E - a +2 pair of gloves of strength (worn)
 H - a +1 crystal plate armour (worn)
Jewellery
 e - an uncursed ring of positive energy
 n - the ring "Qunoeqet" (left hand) {rF+ EV+4}
   (You found it in a Gauntlet)

   [ring of evasion]

   It affects your evasion (+4).
   It protects you from fire.
 p - an uncursed amulet of magic regeneration
 s - an uncursed ring of resist corrosion
 t - the amulet "Boaplol" (around neck) {+Rage rPois rC+}
   (You found it on level 5 of the Lair of Beasts)

   [amulet of rage]

   It protects you from cold.
   It protects you from poison.
   It lets you go berserk.
 C - a ring of protection from fire (right hand)
 F - a +1 ring of evasion
 O - an uncursed ring of poison resistance {unknown}
 S - an uncursed ring of wizardry {unknown}
 U - a cursed -3 ring of evasion
 V - an uncursed ring of stealth {unknown}
Wands
 q - a wand of digging (2)
 w - a wand of scattershot (2)
 z - a wand of enslavement (17)
 B - a wand of flame (47)
 I - a wand of random effects (45)
 N - a wand of polymorph (14)
 R - a wand of paralysis (11)
Scrolls
 c - 2 scrolls of fog
 g - 13 scrolls of remove curse
 i - 6 scrolls of amnesia
 G - 2 scrolls of enchant armour
 K - 3 scrolls of enchant weapon
 L - 7 scrolls of identify
 P - 3 scrolls of fear
 T - a scroll of silence
Potions
 b - a potion of mutation {unknown}
 h - 3 potions of flight {unknown}
 k - 2 potions of brilliance
 l - 2 potions of ambrosia
 m - 7 potions of agility
 u - a potion of magic {unknown}
 v - 2 potions of resistance {unknown}
 A - 4 potions of lignification
 J - a potion of curing
 M - 4 potions of heal wounds
Comestibles
 f - 22 rations


   Skills:
 + Level 13.0 Fighting
 * Level 16.0 Polearms
 + Level 13.1 Armour
 + Level 14.1 Shields
 - Level 8.6 Invocations


You had 14 spell levels left.
You didn't know any spells.
Your spell library contained the following spells:

 Spells                   Type           Power        Failure   Level  Hunger
 Magic Dart               Conj           #...         100%        1    ##.....
 Call Imp                 Summ           #.......     100%        2    ###....
 Passwall                 Tmut/Erth      #.......     100%        2    ###....
 Shroud of Golubria       Chrm/Tloc      #.........   100%        2    ###....
 Slow                     Hex            #.......     100%        2    ###....
 Swiftness                Chrm/Air       #.......     100%        2    ###....
 Conjure Flame            Conj/Fire      #.......     100%        3    ####...
 Gell's Gravitas          Tloc           #.........   100%        3    ####...
 Lesser Beckoning         Tloc           #.........   100%        3    ####...
 Mephitic Cloud           Conj/Pois/Air  #.......     100%        3    ####...
 Recall                   Summ/Tloc      N/A          100%        3    ####...
 Teleport Other           Tloc           #.......     100%        3    ####...
 Animate Dead             Necr           N/A          100%        4    #####..
 Ice Form                 Ice/Tmut       #.......     100%        4    #####..
 Passage of Golubria      Tloc           N/A          100%        4    #####..
 Borgnjor's Vile Clutch   Necr/Erth      #.........   100%        5    ######.
 Lee's Rapid Deconstruct  Erth           #.........   100%        5    ######.
 Metabolic Englaciation   Hex/Ice        #.........   100%        5    ######.
 Bolt of Cold             Conj/Ice       #.........   100%        6    #######
 Darkness                 Hex            #.........   100%        6    #######
 Death Channel            Necr           #.........   100%        6    #######
 Freezing Cloud           Conj/Ice/Air   #.........   100%        6    #######
 Invisibility             Hex            #.......     100%        6    #######
 Ozocubu's Refrigeration  Ice            #.........   100%        6    #######
 Simulacrum               Ice/Necr       #.........   100%        6    #######
 Blink                    Tloc           Unusable     N/A         2    N/A

Dungeon Overview and Level Annotations

Branches:
Dungeon (14/15)            Temple (0/1) D:4            Lair (6/6) D:10
  Swamp (0/4) Lair:3       Spider (0/4) Lair:3        Slime (0/5) Lair:5
    Orc (0/2) D:12
 Vaults: D:13-14

Altars:
Elyvilon
Kikubaaqudgha
Okawaru
Qazlal
Vehumet
Yredelemnul
Jiyva

Shops:
D:10 =*

Annotations:
D:7 2 transporters


Innate Abilities, Weirdness & Mutations

You cannot be hasted, slowed, berserked, paralysed or teleported.
You can dig through walls and to a lower floor.
Your four strong arms can wield two-handed weapons with a shield.
You have a pair of large antennae on your head. (SInv)


Message History

Your lungs strain for air!
You block the water elemental's attack.
You slice the water elemental!!
The water elemental is heavily damaged.
* * * LOW HITPOINT WARNING * * *
Your lungs strain for air!
The water elemental hits you.
You hit the water elemental but do no damage.
The water elemental is heavily damaged.
* * * LOW HITPOINT WARNING * * *
Your lungs strain for air!
You block the water elemental's attack.
Your crystal plate armour prevents you from hitting the water elemental.
The water elemental is heavily damaged.
* * * LOW HITPOINT WARNING * * *
Your lungs strain for air!
You block the water elemental's attack.
You slash the water elemental!
The water elemental is severely damaged.
You die...

...≈≈≈..#≈###........#
≈.....≈.≈≈≈≈≈≈≈...<...#
#........≈≈≈≈≈≈≈≈......###
............≈≈≈≈≈≈≈≈≈≈....
...........≈≈≈≈≈≈≈≈≈≈≈... ..
#..........##.≈≈≈≈≈≈≈≈..
...#+#.......E...#.≈≈≈≈≈≈≈≈≈#
............@....#..≈≈...≈≈≈≈
................#........##≈ ..
#....................[..+.≈ ...
#..#......##...............
...###............#.............
...................##...........
..................#.#..........
#..........†.#....#.##......##
..##......†..##....##.#....#.


You could see a water elemental.

Vanquished Creatures
  Gastronok (Lair:2)
  Frances (D:12)
  A minotaur (Gauntlet)
  Snorg (D:13)
  A fire dragon (D:10)
  3 hydras
  2 centaur warriors
  4 two-headed ogres
  15 death yaks
  A hell hog (Volcano)
  Nergalle (Lair:1)
  A soul eater (Gauntlet)
  A fire crab (Volcano)
  A deep elf mage (D:13)
  A wolf spider zombie (D:13)
  An ugly thing (D:13)
  A cyclops (D:11)
  2 oklob plants (Lair:3)
  6 elephants (Lair:6)
  A wolf spider (Lair:6)
  6 black mambas
  A guardian serpent (Lair:6)
  3 centaur zombies
  2 molten gargoyles (Volcano)
  A gargoyle (D:13)
  A torpor snail (Lair:3)
  A smoke demon (Gauntlet)
  17 spiny frogs
  2 minotaur zombies (Gauntlet)
  2 rime drakes
  10 komodo dragons
  A yaktaur (D:10)
  2 tyrant leeches (Lair:3)
  3 trolls
  3 meliai (Gauntlet)
  A polar bear (Lair:6)
  7 slime creatures (D:12)
  5 hornets
  9 blink frogs
  4 dream sheep (Lair:6)
  12 hippogriffs
  15 wyverns
  A water elemental (D:15)
  2 redbacks (Lair:6)
  4 basilisks
  44 yaks
  7 fire bats
  A redback simulacrum (D:13)
  4 hungry ghosts
  Grum (Lair:1)
  3 steam dragons
  2 hell hounds (Volcano)
  13 water moccasins
  12 porcupines
  2 ice beasts
  5 orc warriors
  4 phantoms
  2 black bears
  A necrophage (D:15)
  3 sky beasts
  9 centaurs
  11 ogres
  23 wolves
  2 big kobolds
  18 crocodiles
  The ghost of Ratty the Changer, an amateur VSTm (D:3)
  3 gnoll sergeants
  10 bullfrogs
  A wyvern skeleton (D:6)
  10 scorpions
  4 killer bees (D:9)
  2 electric eels
  A howler monkey (D:9)
  8 lava snakes (Volcano)
  10 crimson imps
  9 orc priests
  6 hounds
  7 jellies
  3 bullfrog skeletons
  A centaur skeleton (D:10)
  18 orc wizards
  3 gnoll shamans (D:4)
  Jessica (D:2)
  3 iguanas
  11 worker ants
  Ijyb (D:3)
  A killer bee zombie (D:9)
  A hound zombie (D:7)
  A howler monkey zombie (D:10)
  A worker ant zombie (D:11)
  Robin (D:4)
  55 gnolls
  17 adders
  A howler monkey skeleton (D:8)
  5 shadow imps
  A white imp (D:6)
  2 worker ant simulacra (D:3)
  3 oozes
  4 adder zombies
  2 worms
  5 dart slugs
  2 adder simulacra (D:3)
  A leopard gecko (D:5)
  49 orcs
  4 giant cockroaches
  13 goblins
  8 hobgoblins
  19 jackals
  18 kobolds
  9 quokkas
  A ball python (D:4)
  A ball python simulacrum (D:3)
  A bat (D:1)
  5 frilled lizards
  A leopard gecko zombie (D:6)
  A quokka skeleton (D:4)
  7 rats
681 creatures vanquished.

Vanquished Creatures (others)
  4 centaurs
  7 fungi (Lair:6)
  22 plants
33 creatures vanquished.

Grand Total: 714 creatures vanquished

Notes
Turn   | Place    | Note
-------+----------+-------------------------------------------
     0 | D:1      | kidcy the Formicid Fighter began the quest for the Orb.
     0 | D:1      | Reached XP level 1. HP: 18/18 MP: 1/1
    95 | D:1      | Reached XP level 2. HP: 24/24 MP: 2/2
   358 | D:1      | Reached XP level 3. HP: 29/29 MP: 3/3
   687 | D:2      | Noticed Jessica
   701 | D:2      | Killed Jessica
   701 | D:2      | Reached skill level 3 in Polearms
   701 | D:2      | Reached XP level 4. HP: 32/37 MP: 4/4
   750 | D:2      | Found a faded altar of an unknown god.
   953 | D:2      | Found an iron altar of Okawaru.
   967 | D:2      | Became a worshipper of Warmaster Okawaru
  1385 | D:3      | Reached XP level 5. HP: 30/42 MP: 5/5
  1416 | D:3      | Noticed Ratty's ghost (amateur VSTm)
  1517 | D:3      | Found a runed translucent gate.
  1517 | D:3      | Found a runed translucent gate.
  1517 | D:3      | Found a runed translucent gate.
  1795 | D:3      | Killed Ratty's ghost
  1899 | D:3      | Reached XP level 6. HP: 48/48 MP: 6/6
  1932 | D:3      | Reached skill level 4 in Polearms
  2364 | D:4      | Reached * piety under Okawaru
  2437 | D:4      | Noticed Ijyb
  2462 | D:3      | Killed Ijyb
  2484 | D:4      | Reached skill level 5 in Shields
  2499 | D:4      | Reached XP level 7. HP: 52/55 MP: 7/7
  2566 | D:4      | Noticed Robin
  2818 | D:4      | Killed Robin
  2818 | D:4      | Reached skill level 5 in Polearms
  3107 | D:4      | Reached skill level 5 in Fighting
  3121 | D:4      | Found a staircase to the Ecumenical Temple.
  3154 | D:4      | Reached skill level 5 in Armour
  3166 | D:4      | Reached XP level 8. HP: 36/62 MP: 5/8
  3515 | D:4      | Reached skill level 6 in Polearms
  4036 | D:4      | Reached ** piety under Okawaru
  4414 | D:4      | Identified the +1 robe "Qeuloiz" {Str+4 Int-3 Stlth+}
  4491 | D:4      | Reached XP level 9. HP: 69/69 MP: 9/9
  4606 | D:5      | Entered Level 5 of the Dungeon
  4612 | D:5      | Reached skill level 7 in Polearms
  5744 | D:6      | Found a white marble altar of Elyvilon.
  5813 | D:6      | Reached *** piety under Okawaru
  6048 | D:6      | Reached skill level 8 in Polearms
  6363 | D:6      | Got a bloodstained ring mail
  6374 | D:6      | Identified the +1 ring mail of Qasey {-Tele MR+ Str-3
                  | Dex+9} (You found it on level 6 of the Dungeon)
  6623 | D:6      | Reached XP level 10. HP: 79/79 MP: 10/10
  7065 | D:7      | Reached **** piety under Okawaru
  7302 | D:7      | Reached skill level 9 in Polearms
  7361 | D:7      | Found a transporter.
  7395 | D:7      | Found a transporter.
  8907 | D:8      | Noticed a two-headed ogre
  8913 | D:8      | Killed a two-headed ogre
  8913 | D:8      | Received a gift from Okawaru
  8913 | D:8      | Reached ***** piety under Okawaru
  8913 | D:8      | Received a gift from Okawaru
  8913 | D:8      | Reached skill level 10 in Polearms
  8913 | D:8      | Reached XP level 11. HP: 53/87 MP: 11/11
  9768 | D:9      | Received a gift from Okawaru
  9771 | D:9      | Got a pair of ancient boots {god gift}
  9782 | D:9      | Identified the +1 pair of boots "Hosav" {rN+ Dex+2 Slay-2}
                  | (Okawaru gifted it to you on level 9 of the Dungeon)
 10217 | D:10     | Entered Level 10 of the Dungeon
 10293 | D:10     | Found Boruitsu's Assorted Antiques.
 10302 | D:10     | Bought a scroll labeled EGAREWK KUKLEE for 36 gold pieces
 10302 | D:10     | Bought a scroll labeled PALUON DOAL for 36 gold pieces
 10302 | D:10     | Bought a potion of might for 144 gold pieces
 10302 | D:10     | Bought a jewelled scale mail for 324 gold pieces
 10329 | D:10     | Identified the cursed +0 scale mail of Midwinter {rN+ MP+9
                  | Str+4 Dex-4} (You bought it in a shop on level 10 of the
                  | Dungeon)
 10568 | D:10     | Found a staircase to the Lair.
 10679 | D:10     | Found Pyptio Sebo's Jewellery Shoppe.
 10769 | D:10     | Found a stormy altar of Qazlal.
 10770 | D:10     | Found a radiant altar of Vehumet.
 10770 | D:10     | Found an ancient bone altar of Kikubaaqudgha.
 10770 | D:10     | Found a basalt altar of Yredelemnul.
 10834 | D:10     | Found the +18 shield of the Gong {rElec rN+ MR+ EV-5}
 10856 | D:10     | Reached skill level 11 in Polearms
 11271 | D:10     | Noticed a centaur warrior
 11281 | D:10     | Reached skill level 10 in Shields
 11292 | D:10     | Killed a centaur warrior
 11693 | D:10     | Noticed a fire dragon
 11702 | D:10     | Killed a fire dragon
 12156 | Lair:1   | Entered Level 1 of the Lair of Beasts
 12174 | Lair:1   | Found a gate leading to a gauntlet.
 12175 | Lair:1   | You fall into a shaft and drop 1 floor!
 12192 | Gauntlet | Entered a Gauntlet
 12192 | Gauntlet | Found a transporter.
 12192 | Gauntlet | Found a transporter.
 12193 | Gauntlet | Noticed a soul eater
 12197 | Gauntlet | Found a transporter.
 12198 | Gauntlet | Found a transporter.
 12201 | Gauntlet | Found a transporter.
 12201 | Gauntlet | Found a transporter.
 12229 | Gauntlet | Found a transporter.
 12233 | Gauntlet | Found a transporter.
 12252 | Gauntlet | Found a transporter.
 12256 | Gauntlet | Noticed a necromancer
 12257 | Gauntlet | Noticed a death yak
 12259 | Gauntlet | Found a transporter.
 12260 | Gauntlet | Noticed a death yak
 12260 | Gauntlet | Noticed a death yak
 12261 | Gauntlet | Noticed a death yak
 12278 | Gauntlet | Found a transporter.
 12281 | Gauntlet | Found a transporter.
 12332 | Gauntlet | Killed a soul eater
 12332 | Gauntlet | Reached XP level 12. HP: 96/96 MP: 9/12
 12343 | Gauntlet | Got a fine wooden ring
 12346 | Gauntlet | Identified the ring "Qunoeqet" {rF+ EV+4} (You found it in
                  | a Gauntlet)
 12585 | Gauntlet | Noticed a minotaur
 12593 | Gauntlet | Killed a minotaur
 12593 | Gauntlet | Reached skill level 12 in Polearms
 12819 | Gauntlet | Reached skill level 10 in Fighting
 12819 | Gauntlet | Reached skill level 10 in Armour
 12985 | Lair:1   | Noticed a seven-headed hydra
 12991 | Lair:1   | Killed a two-headed hydra
 13239 | Lair:1   | Reached ****** piety under Okawaru
 13262 | Lair:1   | Received a gift from Okawaru
 13595 | Lair:1   | Noticed Grum
 13634 | Lair:1   | Killed Grum
 13636 | Lair:1   | Reached XP level 13. HP: 61/104 MP: 13/13
 14119 | Lair:1   | Noticed Nergalle
 14133 | Lair:1   | Killed Nergalle
 14133 | Lair:1   | Reached skill level 13 in Polearms
 14357 | Lair:2   | Noticed Gastronok
 14372 | Lair:2   | Killed Gastronok
 15081 | Lair:3   | Found a hole to the Spider Nest.
 15370 | Lair:3   | Received a gift from Okawaru
 15373 | Lair:3   | Got a steaming shield {god gift}
 15384 | Lair:3   | Identified the -3 shield "Muucwoeh" {-Cast rElec rF- Str+7}
                  | (Okawaru gifted it to you on level 3 of the Lair of Beasts)
 15538 | Lair:3   | Found a staircase to the Swamp.
 15577 | Lair:3   | Reached skill level 5 in Invocations
 16947 | Lair:5   | Reached XP level 14. HP: 92/113 MP: 18/18
 16988 | Lair:5   | Reached skill level 14 in Polearms
 16992 | Lair:5   | Found a dark tunnel.
 17007 | Volcano  | Entered a volcano
 17405 | Volcano  | Found a burning altar of Makhleb.
 18210 | Lair:5   | Received a gift from Okawaru
 18287 | Lair:5   | Got an ancient brass amulet
 18289 | Lair:5   | Identified the amulet "Boaplol" {+Rage rPois rC+} (You
                  | found it on level 5 of the Lair of Beasts)
 18415 | Lair:5   | Found a runed translucent door.
 18415 | Lair:5   | Found a viscous altar of Jiyva.
 18429 | Lair:5   | Found a staircase to the Slime Pits.
 18710 | Lair:6   | Entered Level 6 of the Lair of Beasts
 19454 | Lair:6   | Received a gift from Okawaru
 19499 | Lair:6   | Reached XP level 15. HP: 22/121 MP: 21/21
 19520 | Lair:6   | Reached skill level 15 in Polearms
 21747 | D:12     | Received a gift from Okawaru
 21754 | D:12     | Found a staircase to the Orcish Mines.
 21965 | D:12     | Noticed Frances
 21978 | D:12     | Killed Frances
 22347 | D:13     | Noticed Snorg
 22359 | D:13     | Killed Snorg
 22964 | D:14     | You fall into a shaft and drop 1 floor!
 22964 | D:15     | Entered Level 15 of the Dungeon
 22995 | D:15     | Reached skill level 16 in Polearms
 23039 | D:15     | Drowned by a water elemental

Levels and vault maps discovered:
D:1:      dpeg_arrival_simpleton_b, layout_basic
D:2:      layout_rooms, chequers_ecumenical_altar_lobes,
          okawaru_altar_gauntlet_db, uniq_jessica
D:3:      layout_basic, gammafunk_ghost_icy, first_ration
D:4:      lemuel_castle_with_subvaults [lemuel_castle_interior_original],
          layout_basic, minmay_temple_entry_overgrown,
          kennysheep_generic_room_3, uniq_ijyb, uniq_robin
D:5:      kennysheep_steamy, layout_layer_cave
D:6:      layout_basic, elyvilon_altar_3, moated_statue, minmay_fire_ice_demons
D:7:      gammafunk_steamed_eel, layout_cave_pods
D:8:      layout_loops_cross
D:9:      layout_roguey, grunt_ogre_cave
D:10:     minmay_the_grid_octo_triangle [minmay_the_grid_octo_checkered,
          minmay_the_grid_octo_prize_star, minmay_the_grid_octo_shrine],
          layout_basic, serial_shops, shop, shop, kennysheep_generic_room_11
D:11:     layout_basic
D:12:     layout_basic, orc_0_dummy, uniq_frances
D:13:     layout_roguey, uniq_snorg
D:14:     layout_irregular_city, david_vaults_1, pf_eden
D:15:     gammafunk_depths_entry_grave, layout_basic,
          gammafunk_ghost_stat_death, minmay_misc_feat_secret_circle
Lair:1:   layout_hall_layers, portal_ice_cave_entry_pillars_1,
          gauntlet_entry_generic, serial_bayou_ford_a,
          chequers_serial_rivers_small_b, uniq_grum, uniq_nergalle
Lair:2:   layout_hall_layers, uniq_gastronok
Lair:3:   layout_regular_city, minmay_swamp_entry_worms,
          nicolae_spider_entry_non_spiders, bh_autumn_forest_stairs,
          minmay_lair_oklob_chamber
Lair:4:   layout_gridlike
Lair:5:   layout_cave_pods, slime_altar_2, nicolae_volcano_entry_batcave,
          nzn_random_ring
Lair:6:   hangedman_lair_tendril_chambers, layout_regular_city,
          gammafunk_lair_bear_cave, lemuel_fruit_fields, lemuel_fruit_tree,
          infiniplex_staircase_pool_2

Skill      XL: |  1  2  3  4  5  6  7  8  9 10 11 12 13 14 15 |
---------------+----------------------------------------------+-----
Polearms       | 3 4 5 6 8 10 11 12 13 14 16 | 16.0
Shields        | 4 5 6 7 9 10 11 12 13 14 | 14.1
Fighting       | 4 5 6 7 8 9 10 11 12 13 | 13.0
Armour         | 4 5 6 7 8 9 10 11 12 13 | 13.1
Invocations    | 6 8 |  8.6

Action                   |  1- 3 |  4- 6 |  7- 9 | 10-12 | 13-15 || total
-------------------------+-------+-------+-------+-------+-------++-------
Melee: Trident           |    90 |   209 |   115 |       |       ||   414
       Halberd           |       |       |   366 |   775 |   553 ||  1694
       Bardiche          |       |       |       |       |   773 ||   773
Invok: Heroism           |       |       |     1 |     6 |     1 ||     8
       Finesse           |       |       |       |       |     1 ||     1
 Abil: Dig               |       |       |     2 |     2 |     9 ||    13
Evoke: Wand              |       |       |       |     2 |       ||     2
  Use: Potion            |       |     1 |     1 |     6 |     2 ||    10
       Scroll            |       |       |     2 |    20 |     6 ||    28
 Stab: Distracted        |       |       |       |       |     1 ||     1
  Eat: Chunk             |       |     2 |    10 |     8 |    20 ||    40
       Ration            |       |     1 |     1 |    13 |     6 ||    21
Armor: Scale mail        |    19 |       |       |       |       ||    19
       Plate armour      |     7 |   125 |   177 |   250 |       ||   559
       Crystal plate arm |       |       |       |    22 |   583 ||   605
Dodge: Dodged            |    17 |    36 |    92 |   123 |   292 ||   560
Block: Shield            |    37 |   122 |   206 |   286 |       ||   651
       Large shield      |       |       |       |   183 |  1447 ||  1630
       Reflection        |       |       |       |       |    41 ||    41

Table legend:
 A = Non-vault XP
 B = Vault XP
 C = Vault XP percentage of total XP
 D = Non-vault monster count
 E = Vault monster count
 F = Vault count percentage of total count
                 A         B        C        D         E       F
            +---------+---------+-------+---------+---------+-------
      Total |   71858 |   35944 |  33.3 |     475 |     210 |  30.7
            +---------+---------+-------+---------+---------+-------
        D:1 |      33 |       0 |   0.0 |      21 |       0 |   0.0
        D:2 |      13 |      63 |  82.9 |       6 |       7 |  53.8
        D:3 |     227 |     162 |  41.6 |      28 |      15 |  34.9
        D:4 |     713 |     834 |  53.9 |      29 |      60 |  67.4
        D:5 |     400 |     355 |  47.0 |      10 |       2 |  16.7
        D:6 |    1287 |      61 |   4.5 |      26 |       2 |   7.1
        D:7 |    1469 |       0 |   0.0 |      30 |       0 |   0.0
        D:8 |    3037 |       0 |   0.0 |      45 |       0 |   0.0
        D:9 |    1612 |     121 |   7.0 |      24 |       1 |   4.0
       D:10 |    1006 |    3674 |  78.5 |       9 |      17 |  65.4
       D:11 |    6742 |       0 |   0.0 |      51 |       0 |   0.0
       D:12 |    3981 |    2213 |  35.7 |      21 |       1 |   4.5
       D:13 |    5563 |    1134 |  16.9 |      17 |       1 |   5.6
       D:14 |     678 |       0 |   0.0 |       3 |       0 |   0.0
       D:15 |    2578 |       0 |   0.0 |       8 |       0 |   0.0
     Lair:1 |    7643 |    1435 |  15.8 |      33 |       6 |  15.4
     Lair:2 |    2724 |    2380 |  46.6 |      14 |       1 |   6.7
     Lair:3 |    4257 |    2409 |  36.1 |      16 |      13 |  44.8
     Lair:4 |    4914 |       0 |   0.0 |      20 |       0 |   0.0
     Lair:5 |    5651 |    3252 |  36.5 |      22 |      17 |  43.6
     Lair:6 |   17330 |    9561 |  35.6 |      42 |      35 |  45.5
    Volcano |       0 |    4062 | 100.0 |       0 |      19 | 100.0
   Gauntlet |       0 |    4228 | 100.0 |       0 |      13 | 100.0
            +---------+---------+-------+---------+---------+-------
